 Dungeon Crawl Stone Soup version 0.21-a0-521-g1cd18d1 (webtiles) character file.

14018 BingusPrime the Impaler (level 12, -6/136 HPs)
             Began as a Merfolk Gladiator on Dec 5, 2017.
             Was an Elder of Makhleb.
             Mangled by a death yak (15 damage)
             ... on level 2 of the Lair of Beasts.
             The game lasted 01:25:28 (12225 turns).

BingusPrime the Impaler (Merfolk Gladiator)        Turns: 12225, Time: 01:25:30

Health: -6/136     AC: 26    Str: 26    XL:     12   Next: 12%
Magic:  12/12      EV:  2    Int: 13    God:    Makhleb [****..]
Gold:   747        SH:  0    Dex: 19    Spells: 11/11 levels left

rFire    + . .     SeeInvis .   D - +5 trident of the Slime-mould {pierce, Int+4}
rCold    + . .     Gourm    .   (no shield)
rNeg     + + +     Faith    +   (armour currently unavailable)
rPois    +         Spirit   .   (helmet currently unavailable)
rElec    +         Reflect  .   (cloak currently unavailable)
rCorr    +         Harm     .   (gloves currently unavailable)
MR       .....     NoTele   +   (boots currently unavailable)
Stlth    +++.......             B - amulet of faith
HPRegen  0.32/turn              m - +4 ring of dexterity
MPRegen  0.13/turn              y - +3 ring of strength

@: mighty, tree-form, resistant
A: (change form in water), (swift swim), (stealthy swim)
a: Minor Destruction, Lesser Servant of Makhleb, Major Destruction, Renounce
Religion


You were on level 2 of the Lair of Beasts.
You worshipped Makhleb.
Makhleb was greatly pleased with you.
You were not hungry.
You were a tree.
You visited 2 branches of the dungeon, and saw 12 of its levels.

You collected 747 gold pieces.

Inventory:

Hand Weapons
 a - a +0 trident
 D - the +5 trident of the Slime-mould (weapon) {pierce, Int+4}
   (You found it on level 7 of the Dungeon)

   It inflicts extra damage upon your enemies.
   It affects your intelligence (+4).
 K - a +3 trident
Missiles
 g - 566 stones
 x - 3 tomahawks (quivered)
 O - 3 javelins
 X - 2 throwing nets
Armour
 b - a +0 leather armour
 c - a +0 helmet
 l - a +1 cloak (melded)
 n - a +2 ring mail of magic resistance (melded)
 z - a +1 helmet of intelligence (melded)
 G - +0 ice dragon scales
Jewellery
 m - a +4 ring of dexterity (left branch)
 u - an uncursed ring of stealth
 y - a +3 ring of strength (right branch)
 B - an amulet of faith (around neck)
 F - an uncursed ring of resist corrosion
Wands
 k - a wand of polymorph (17)
 A - a wand of disintegration (9)
 E - a wand of random effects (22)
 N - a wand of enslavement (11)
 V - a wand of acid (7)
Scrolls
 e - 4 scrolls of remove curse
 i - 2 scrolls of fear {unknown}
 p - 4 scrolls of teleportation {unknown}
 t - 2 scrolls of random uselessness {unknown}
 v - a scroll of fog {unknown}
 C - 4 scrolls of enchant weapon {unknown}
 I - 4 scrolls of amnesia {unknown}
 J - 2 scrolls of enchant armour {unknown}
 M - a scroll of magic mapping {unknown}
 R - a scroll of immolation {unknown}
 U - a scroll of torment {unknown}
Potions
 h - 6 potions of lignification
 r - a potion of flight {unknown}
 s - a potion of degeneration {unknown}
 Q - a potion of berserk rage {unknown}
Books
 w - a book of Changes

   Spells                             Type                      Level
   a - Beastly Appendage              Transmutation                1
   b - Sticks to Snakes               Transmutation                2
   c - Spider Form                    Transmutation/Poison         3
   d - Ice Form                       Ice/Transmutation            4
   e - Blade Hands                    Transmutation                5
 L - a book of Callings

   Spells                             Type                      Level
   a - Summon Small Mammal            Summoning                    1
   b - Call Imp                       Summoning                    2
   c - Call Canine Familiar           Summoning                    3
   d - Summon Guardian Golem          Hexes/Summoning              3
   e - Summon Lightning Spire         Summoning/Air                4
   f - Summon Ice Beast               Ice/Summoning                4
 P - a book of Enchantments

   Spells                             Type                      Level
   a - Cause Fear                     Hexes                        4
   b - Yara's Violent Unravelling     Hexes/Transmutation          5
   c - Silence                        Hexes/Air                    5
   d - Deflect Missiles               Charms/Air                   6
   e - Discord                        Hexes                        8
 W - a book of the Sky

   Spells                             Type                      Level
   a - Summon Lightning Spire         Summoning/Air                4
   b - Silence                        Hexes/Air                    5
   c - Deflect Missiles               Charms/Air                   6
   d - Conjure Ball Lightning         Conjuration/Air              6
   e - Tornado                        Air                          9
Comestibles
 f - 6 bread rations
 j - 19 royal jellies
 H - 3 meat rations
 T - 6 fruits


   Skills:
 + Level 7.4 Fighting
 + Level 15.4 Polearms
 + Level 10.4 Throwing
 * Level 5.9 Armour
 + Level 6.7 Dodging
 + Level 5.8 Stealth


You had 11 spell levels left.
You didn't know any spells.

Dungeon Overview and Level Annotations

Branches:
Dungeon (9/15)             Temple (0/1) D:7            Lair (3/6) D:9
  Swamp (0/4) Lair:2
  Snake: Lair:2-4    Spider: Lair:2-4       Orc: D:9-12

Altars:
Dithmenos
Kikubaaqudgha
Makhleb
Nemelex Xobeh
Xom

Annotations:
D:2 Sigmund
Lair:2 Urug


Message History

The death yak gores you!
* * * LOW HITPOINT WARNING * * *
The death yak gores you but does no damage.
It was a potion of heal wounds.
You feel much better. The death yak gores you!
* * * LOW HITPOINT WARNING * * *
The death yak gores you!
* * * LOW HITPOINT WARNING * * *
The death yak completely misses you.
Unknown command.
You feel much better.
The death yak gores you but does no damage. x2
The death yak gores you.
* * * LOW HITPOINT WARNING * * *
You feel very mighty all of a sudden. The death yak gores you.
* * * LOW HITPOINT WARNING * * *
The death yak gores you!
* * * LOW HITPOINT WARNING * * *
The death yak gores you!
You die...

####.P...P.#..#..## ### #
..............##.# ######.###
.#.P#PP..#...###.## #.#.P#..##
.......<......##..# ##...≈....
...P#..#..##......# ####.≈≈≈≈≈≈..
# ###..##....#.## #....≈≈≈≈≈≈≈≈ #
##..##..##.####..≈≈≈≈≈≈≈≈≈≈ # #.#
#...#..##..#≈≈≈≈≈≈≈≈≈≈ ###
#.###...#♣##....≈≈≈≈.<.≈≈≈ #.#
#..#....YYY.##.≈≈≈≈≈...≈≈≈ ..#
#.###...%......#.≈≈≈≈≈≈≈≈≈ ..####
#.###..#.##.#P#...≈≈≈≈≈≈≈≈
.###P###.##..P####.####...≈≈≈≈≈≈.
.........#....## #.# #...≈.≈≈..P
.##.####..###..# #.## #..###.#...
<#### #...###.###..# #...#..P)#.
.# ##.###..##...# ##.......#.


You could see 3 death yaks.

Vanquished Creatures
  Harold (Lair:2)
  2 hydras (Lair:1)
  2 two-headed ogres
  2 death yaks (Lair:2)
  A lindwurm (Lair:3)
  3 spiny frogs
  A rime drake (Lair:1)
  2 komodo dragons (Lair:2)
  3 hippogriffs
  5 blink frogs
  A wyvern (D:7)
  A hungry ghost (D:7)
  3 yaks (Lair:2)
  6 water moccasins
  6 orc warriors
  2 porcupines (Lair:1)
  A phantom (D:8)
  An ice beast (D:8)
  3 sky beasts
  6 ogres
  2 centaurs
  4 crocodiles
  A big kobold (D:7)
  7 bullfrogs
  2 scorpions
  8 wights (D:7)
  An electric eel (Lair:2)
  2 howler monkeys (D:6)
  4 crimson imps
  2 hounds
  4 jellies
  6 orc priests
  A bullfrog skeleton (D:8)
  A centaur skeleton (D:7)
  3 gnoll shamans (D:7)
  7 orc wizards
  7 worker ants
  A killer bee zombie (D:6)
  A hound skeleton (D:8)
  A howler monkey zombie (D:8)
  Robin (D:4)
  11 adders
  7 gnolls (D:7)
  A shadow imp (D:9)
  6 oozes
  4 adder skeletons (D:4)
  2 worms
  2 leopard geckos (D:3)
  39 orcs
  5 giant cockroaches
  15 goblins
  13 hobgoblins
  10 jackals
  2 quokkas
  7 bats
  4 frilled lizards
  A giant cockroach zombie (D:6)
  3 kobolds
  7 rats
  2 fungi
  A plant (D:7)
260 creatures vanquished.

Vanquished Creatures (others)
  6 fungi
  7 plants
13 creatures vanquished.

Grand Total: 273 creatures vanquished

Notes
Turn   | Place    | Note
-------+----------+-------------------------------------------
     0 | D:1      | BingusPrime the Merfolk Gladiator began the quest for the Orb.
     0 | D:1      | Reached XP level 1. HP: 16/16 MP: 1/1
   140 | D:1      | Reached XP level 2. HP: 22/22 MP: 2/2
   427 | D:1      | Reached skill level 5 in Polearms
   862 | D:2      | Reached XP level 3. HP: 22/28 MP: 3/3
   997 | D:2      | Found a shadowy altar of Dithmenos.
  1052 | D:2      | Found a burning altar of Makhleb.
  1075 | D:2      | Noticed Sigmund
  1574 | D:2      | Became a worshipper of Makhleb the Destroyer
  1650 | D:3      | Reached XP level 4. HP: 23/34 MP: 4/4
  1751 | D:3      | Reached skill level 6 in Polearms
  1894 | D:3      | Reached skill level 1 in Armour
  1895 | D:3      | Noticed a sky beast
  1920 | D:3      | Killed a sky beast
  1920 | D:3      | Reached skill level 7 in Polearms
  1920 | D:3      | Reached XP level 5. HP: 20/39 MP: 5/5
  2201 | D:3      | Found a sparkling altar of Nemelex Xobeh.
  2383 | D:3      | Reached XP level 6. HP: 46/46 MP: 6/6
  2634 | D:4      | Found a shimmering altar of Xom.
  2635 | D:4      | Found a shimmering altar of Xom.
  2637 | D:4      | Found a shimmering altar of Xom.
  2637 | D:4      | Found a shimmering altar of Xom.
  2873 | D:4      | Reached skill level 8 in Polearms
  3322 | D:4      | Noticed Robin
  3324 | D:4      | Reached * piety under Makhleb
  3367 | D:4      | Killed Robin
  3835 | D:5      | Entered Level 5 of the Dungeon
  3985 | D:5      | Reached skill level 9 in Polearms
  3985 | D:5      | Reached XP level 7. HP: 48/51 MP: 7/7
  4484 | D:6      | Reached ** piety under Makhleb
  4571 | D:6      | Reached skill level 5 in Dodging
  4845 | D:6      | Reached skill level 10 in Polearms
  5033 | D:6      | Reached XP level 8. HP: 58/58 MP: 8/8
  5108 | D:7      | Noticed a cyan ugly thing
  5544 | D:7      | Noticed a hippogriff
  5626 | D:7      | Found an ancient bone altar of Kikubaaqudgha.
  5651 | D:7      | Reached skill level 1 in Stealth
  5667 | D:7      | Reached skill level 11 in Polearms
  5724 | D:7      | Got an ivory trident
  5731 | D:7      | Identified the +5 trident of the Slime-mould {pierce, Int+4} (You found it on level 7 of the Dungeon)
  6154 | D:7      | Reached skill level 5 in Throwing
  6190 | D:7      | Reached XP level 9. HP: 65/65 MP: 9/9
  6194 | D:7      | Reached *** piety under Makhleb
  6199 | D:7      | Reached skill level 12 in Polearms
  6706 | D:7      | Reached skill level 13 in Polearms
  7537 | D:7      | Found a staircase to the Ecumenical Temple.
  7677 | D:8      | Reached XP level 10. HP: 73/73 MP: 10/10
  7839 | D:7      | Reached skill level 5 in Fighting
  7907 | D:8      | Reached **** piety under Makhleb
  8033 | D:8      | Noticed a two-headed ogre
  8056 | D:8      | Reached skill level 14 in Polearms
  8195 | D:7      | Killed a two-headed ogre
  8641 | D:9      | Noticed a two-headed ogre
  8775 | D:9      | Killed a two-headed ogre
  9134 | D:9      | Found a staircase to the Lair.
  9152 | Lair:1   | Entered Level 1 of the Lair of Beasts
  9454 | Lair:1   | Reached XP level 11. HP: 81/81 MP: 11/11
  9481 | Lair:1   | Noticed an eight-headed hydra
  9496 | Lair:1   | Killed an eight-headed hydra
  9496 | Lair:1   | Reached skill level 15 in Polearms
  9748 | Lair:1   | Noticed an eight-headed hydra
 10475 | Lair:1   | Killed an eight-headed hydra
 11055 | Lair:2   | Found a staircase to the Swamp.
 11356 | Lair:2   | Reached skill level 5 in Armour
 11488 | Lair:2   | Noticed Urug
 11517 | Lair:3   | Noticed a lindwurm
 11547 | Lair:3   | Killed a lindwurm
 11547 | Lair:3   | Reached skill level 10 in Throwing
 11547 | Lair:3   | Reached skill level 5 in Stealth
 11891 | Lair:3   | Noticed a death yak
 12013 | Lair:2   | Killed a death yak
 12070 | Lair:3   | Noticed a death yak
 12073 | Lair:3   | Noticed Harold
 12077 | Lair:3   | Noticed a death yak
 12078 | Lair:3   | Noticed a death yak
 12079 | Lair:3   | Noticed a death yak
 12080 | Lair:3   | Noticed a death yak
 12088 | Lair:2   | Killed a death yak
 12088 | Lair:2   | Reached XP level 12. HP: 77/91 MP: 12/12
 12097 | Lair:2   | Killed Harold
 12222 | Lair:2   | HP: 6/136 [death yak (7)]
 12223 | Lair:2   | HP: 2/136 [death yak (14)]
 12225 | Lair:2   | Mangled by a death yak

Vault maps used:
D:1:      ncdulo_halloftheorcs
D:2:      bloody_makhleb, grunt_dithmenos_smoke, tgw_trog, serial_park_tiny_1,
          uniq_sigmund
D:3:      first_bread, minmay_misc_feat_enclosed, nemelex_diamond_rough_becter
D:4:      xom_redecorated, uniq_robin
D:5:      uniq_eustachio
D:7:      kennysheep_seaside_town, kiku_gazebo_pond_becter,
          minmay_temple_entry_enclosed_plants, uniq_prince_ribbit1
D:8:      hangedman_little_slice_of_home
D:9:      lair_entry_dummy, hiddenorc1_lemuel, hex_intersection
Lair:1:   cheibrodos_lair_caveside_slide, serial_bayou_pond_e,
          hangedman_lair_generics_rect
Lair:2:   swamp_mist_pool, lemuel_fruit_fields, infiniplex_staircase_pool_2,
          uniq_urug
Lair:3:   spider_nest_entry_rubble, uniq_harold

Skill      XL: |  1  2  3  4  5  6  7  8  9 10 11 |
---------------+----------------------------------+-----
Polearms       | 5 7 9 10 11 13 14 15 | 15.4
Armour         | 1 2 3 4 5 |  5.9
Throwing       | 3 4 5 6 8 10 | 10.4
Dodging        | 5 6 |  6.7
Fighting       | 3 4 6 7 |  7.4
Stealth        | 2 3 4 5 |  5.8

Action                   |  1- 3 |  4- 6 |  7- 9 | 10-12 || total
-------------------------+-------+-------+-------+-------++-------
Melee: Trident           |    81 |   186 |   316 |   286 ||   869
       Tailslap          |       |       |     6 |     2 ||     8
Throw: Stone             |    65 |    45 |     9 |       ||   119
       Javelin           |       |    18 |    24 |    11 ||    53
       Tomahawk          |       |       |    86 |   124 ||   210
       Throwing net      |       |       |     2 |     3 ||     5
  Use: Scroll            |       |     3 |     5 |     4 ||    12
       Potion            |       |       |       |     9 ||     9
 Stab: Sleeping          |       |       |     4 |     2 ||     6
       Distracted        |       |       |     1 |       ||     1
       Held in net/web   |       |       |       |     4 ||     4
  Eat: Bread ration      |     1 |       |     1 |       ||     2
       Chunk             |       |     4 |     9 |    12 ||    25
       Royal jelly       |       |       |       |     2 ||     2
Armor: Ring mail         |    21 |    54 |    78 |    42 ||   195
       Ice dragon scales |       |       |       |     1 ||     1
       Skin              |       |       |       |    19 ||    19
Dodge: Dodged            |    45 |   124 |   140 |   109 ||   418

Table legend:
 A = Spawn XP
 B = Non-spawn XP
 C = Spawn XP percentage of total XP
 D = Spawn monster count
 E = Non-spawn monster count
 F = Spawn count percentage of total count
 G = Total turns spent on level
                    A         B        C        D         E        F      G
               +---------+---------+-------+---------+---------+-------+---------
         Total |       0 |   20026 |   0.0 |       0 |     257 |   0.0 | 12225
               +---------+---------+-------+---------+---------+-------+---------
           D:1 |       0 |      22 |   0.0 |       0 |      14 |   0.0 |  1034
           D:2 |       0 |      49 |   0.0 |       0 |      12 |   0.0 |   581
           D:3 |       0 |     259 |   0.0 |       0 |      27 |   0.0 |  1008
           D:4 |       0 |     260 |   0.0 |       0 |      30 |   0.0 |  1308
           D:5 |       0 |     128 |   0.0 |       0 |       9 |   0.0 |   338
           D:6 |       0 |     504 |   0.0 |       0 |      22 |   0.0 |  1006
           D:7 |       0 |    4734 |   0.0 |       0 |      54 |   0.0 |  2540
           D:8 |       0 |    1060 |   0.0 |       0 |      31 |   0.0 |   800
           D:9 |       0 |    1457 |   0.0 |       0 |      22 |   0.0 |   537
        Lair:1 |       0 |    4347 |   0.0 |       0 |      15 |   0.0 |  1547
        Lair:2 |       0 |    5195 |   0.0 |       0 |      14 |   0.0 |  1132
        Lair:3 |       0 |    2011 |   0.0 |       0 |       7 |   0.0 |   394
               +---------+---------+-------+---------+---------+-------+---------
